 Dungeon Crawl Stone Soup version 0.31-a0-360-gb3e1d13bf4 (webtiles) character file.

Game seed: 7970570892914759850

6231 pokeman the Thaumaturge (level 10, -4/54 (56) HPs)
             Began as a Deep Elf Hedge Wizard on July 26, 2023.
             Was a Priest of Vehumet.
             Slain by a yak (10 damage)
             ... on level 8 of the Dungeon.
             The game lasted 00:21:34 (7936 turns).

pokeman the Thaumaturge (Deep Elf Hedge Wizard)     Turns: 7936, Time: 00:21:36

HP:   -4/54 (56)    AC:  7    Str: 13    XL:     10   Next: 61%
MP:   0/30          EV: 18    Int: 24    God:    Vehumet [***...]
Gold: 545           SH:  0    Dex: 18    Spells: 26/38 levels left

rFire   x . .        r - +8 sling of Rubbish {drain, rF- Str+6 Dex+4}
rCold   + + +        (no shield)
rNeg    . . .        M - +2 leather armour of the Swan {+Inv rElec rC+++ Will-}
rPois   .            w - +0 helmet
rElec   +            (no cloak)
rCorr   .            l - +0 pair of gloves
SInv    .            (no boots)
Will    .....        (no amulet)
Stlth   ++           p - ring of flight
HPRegen 0.29/turn    b - +5 ring of evasion
MPRegen 0.22/turn

%: no passive effects
@: about to teleport, flying, slowed, studying 2 skills, lightly drained, very
slow
A: no striking features
a: Renounce Religion, Evoke Invisibility


You were on level 8 of the Dungeon.
You worshipped Vehumet.
Vehumet was most pleased with you.
You visited 2 branches of the dungeon, and saw 9 of its levels.
You also visited: Sewer and Bailey.

You collected 545 gold pieces.

Inventory:

Hand Weapons
 r - the +8 sling of Rubbish (weapon) {drain, rF- Str+6 Dex+4}
   (You found it on level 2 of the Dungeon)

   Str:       It affects your strength (+6).
   Dex:       It affects your dexterity (+4).
   rF:        It makes you vulnerable to fire.
 v - a +0 short sword of venom
Missiles
 G - a throwing net
 I - a curare-tipped dart
Armour
 l - a +0 pair of gloves (worn)
 w - a +0 helmet (worn)
 x - the +0 leather armour of Courage {Int+3}
   (You found it on level 4 of the Dungeon)

   Int:       It affects your intelligence (+3).
 M - the +2 leather armour of the Swan (worn) {+Inv rElec rC+++ Will-}
   (You found it on level 8 of the Dungeon)

   rC:        It renders you almost immune to cold.
   rElec:     It insulates you from electricity.
   +Inv:      It lets you turn invisible.
   Will:      It decreases your willpower.
Magical Staves
 B - a staff of air
Jewellery
 b - a +5 ring of evasion (right hand)
 p - a ring of flight (left hand)
 D - a ring of see invisible
Wands
 c - a wand of flame (35)
 E - a wand of roots (26)
 K - a wand of mindburst (15)
 L - a wand of quicksilver (8)
Scrolls
 a - 5 scrolls of teleportation
 e - 11 scrolls of identify {unknown}
 g - 2 scrolls of enchant weapon {unknown}
 i - 2 scrolls of poison {unknown}
 j - 2 scrolls of noise {unknown}
 n - a scroll of immolation
 o - a scroll of summoning {unknown}
 q - a scroll of vulnerability {unknown}
 s - 3 scrolls of fog {unknown}
 y - 3 scrolls of acquirement
 z - a scroll of enchant armour {unknown}
 C - a scroll of blinking {unknown}
Potions
 d - a potion of magic
 f - a potion of ambrosia {unknown}
 h - 3 potions of curing {unknown}
 k - 2 potions of mutation {unknown}
 m - a potion of berserk rage {unknown}
 t - 3 potions of brilliance {unknown}
 u - 2 potions of heal wounds {unknown}
 A - a potion of invisibility {unknown}
 F - a potion of might {unknown}
 H - a potion of cancellation {unknown}
 J - a potion of attraction {unknown}


   Skills:
 - Level 4.0 Fighting
 + Level 3.2 Armour
 - Level 3.0 Dodging
 - Level 3.0 Stealth
 + Level 5.1 Shields
 * Level 14.9 Spellcasting
 + Level 8.7 Conjurations
 - Level 1.1 Summonings
 - Level 1.1 Translocations
 - Level 1.1 Air Magic
 - Level 1.3 Poison Magic
 - Level 1.0 Evocations


You had 26 spell levels left.
You knew the following spells:

 Your Spells              Type           Power      Damage    Failure   Level
a - Magic Dart            Conj           100%       1d8       1%          1
b - Mephitic Cloud        Conj/Pois/Air  36%        N/A       1%          3
c - Call Imp              Summ           46%        N/A       3%          2
d - Blink                 Tloc           46%        N/A       3%          2
e - Iskenderun's Mystic   Conj/Tloc      41%        2d9       1%          4

Your spell library contained the following spells:

 Spells                   Type           Power      Damage    Failure   Level
 Stone Arrow              Conj/Erth      78%        3d11      1%          3
 Fulminant Prism          Conj/Hex       19%        3d10      1%          4
 Apportation              Tloc           46%        N/A       2%          1
 Summon Small Mammal      Summ           92%        N/A       2%          1
 Volatile Blastmotes      Fire/Tloc      40%        2d13      2%          3
 Necrotise                Necr           68%        1d7       4%          1
 Slow                     Hex            68%        N/A       4%          1
 Cigotuvi's Dreadful Rot  Necr/Pois/Air  44%        N/A       4%          2
 Ensorcelled Hibernation  Hex/Ice        34%        N/A       6%          2
 Passwall                 Tmut/Erth      14%        N/A       6%          2
 Call Canine Familiar     Summ           23%        N/A       8%          3
 Swiftness                Air            23%        N/A       8%          3
 Summon Guardian Golem    Hex/Summ       20%        N/A       10%         3
 Vampiric Draining        Necr           17%        2d7       12%         3
 Alistair's Intoxication  Tmut/Pois      14%        N/A       65%         5
 Agony                    Necr           17%        N/A       75%         5


Dungeon Overview and Level Annotations

Branches:
Dungeon (8/15)             Temple (1/1) D:5            Lair (0/5) D:8
  Sewer (visited)          Bailey (visited)

Altars:
Ashenzari
Cheibriados
Dithmenos
Elyvilon
Fedhas
Gozag
Hepliaklqana
Kikubaaqudgha
Makhleb
Nemelex Xobeh
Okawaru
Qazlal
Ru
Sif Muna
Trog
Uskayaw
Vehumet
Wu Jian
Xom
Yredelemnul
Zin
The Shining One

Annotations:
D:3 1 runed translucent door, Books behind rock, dddd's ghost, weakling MiFi


Message History

Unknown command.
Aiming: Fastroot
Press: ? - help, Shift-Dir - straight line, f - wraith
Aim: a wraith (severely damaged, immune to roots)
Okay, then.
Unknown command.
Aiming: Mindburst
Press: ? - help, Shift-Dir - straight line, f - wraith
Aim: a wraith (severely damaged, chance to affect: 34%)
The wraith easily resists.
The wraith barely misses you. The yak barely misses you.
Unknown command.
Casting: Iskenderun's Mystic Blast (dangerous; 1% risk of failure)
Confirm with . or Enter, or press ? or * to list all spells.
You blink.
Unknown command.
Aiming: Mindburst
Press: ? - help, Shift-Dir - straight line, f/p - wraith
Aim: a wraith (severely damaged, chance to affect: 34%)
The wraith easily resists.
The wraith barely misses you.
Unknown command.
Unknown command.
The wight attacks as you move away!
The wight hits you with a +0 antimagic quarterstaff.
You feel drained.
You feel your power leaking away. The wraith hits you!
The wraith drains your vigour!
You feel yourself slow down. The yak misses you.
The wraith attacks as you move away! The wraith hits you but does no damage.
You feel stable enough to blink again. The yak gores you!
* * * LOW HITPOINT WARNING * * *
The wight closely misses you. The wraith closely misses you.
As you read the scroll labelled QOGRIOHOTU, it crumbles to dust.
You feel strangely unstable.
It was a scroll of teleportation.
The yak closely misses you.
The wight hits you with a +0 antimagic quarterstaff!
* * * LOW HITPOINT WARNING * * *
The wraith misses you. The yak gores you!
You die...

#.......####
### #......##
#.......## #
###.......#.#
#
#............'
..
#...........#
..
#......†.....
..#
#..W..#.####.
#.@Y..#.#
#..z..# #
#######


You could see a yak, a wraith and a wight.

Vanquished Creatures
  Pikel (D:7)
  An orc knight (Bailey)
  3 hornets
  Prince Ribbit (D:8)
  3 wargs (D:8)
  A water moccasin (D:7)
  An ice beast (D:8)
  Pargi (Sewer)
  7 orc warriors (Bailey)
  A black bear (D:6)
  A sky beast (D:8)
  3 ogres
  A centaur (D:8)
  2 kobold brigands
  2 lemures (D:7)
  2 scorpions (D:5)
  4 bullfrogs
  19 wights
  9 killer bees
  A hound (D:5)
  3 jellies
  5 orc priests
  5 iguanas
  6 orc wizards
  2 sleepcaps (D:7)
  5 gnolls
  11 adders
  A shadow imp (D:6)
  3 worms
  2 dart slugs
  30 orcs
  11 ball pythons
  12 bats
  4 endoplasms
  6 giant cockroaches
  11 goblins
  17 hobgoblins
  26 kobolds
  2 quokkas
  12 frilled lizards
  6 rats
244 creatures vanquished.

Vanquished Creatures (collateral kills)
  A worm (D:2)
1 creature vanquished.

Grand Total: 245 creatures vanquished

Notes
Turn   | Place    | Note
-------+----------+-------------------------------------------
     0 | D:1      | pokeman the Deep Elf Hedge Wizard began the quest for the
                  | Orb.
     0 | D:1      | Reached XP level 1. HP: 10/10 MP: 7/7
   245 | D:1      | Reached XP level 2. HP: 15/15 MP: 1/9
   454 | D:1      | Reached skill level 5 in Spellcasting
   681 | D:1      | Reached XP level 3. HP: 20/20 MP: 9/11
   685 | D:1      | Learned a level 3 spell: Mephitic Cloud
   688 | D:1      | Learned a level 2 spell: Call Imp
   691 | D:1      | Learned a level 2 spell: Blink
  1604 | D:2      | Reached skill level 1 in Armour
  1929 | D:2      | Reached skill level 1 in Fighting
  2064 | D:2      | HP: 1/20 [worm (6)]
  2187 | D:2      | Identified the +8 sling of Rubbish {drain, rF- Str+6 Dex+4}
  2296 | D:2      | Reached XP level 4. HP: 25/25 MP: 13/13
  2476 | D:3      | Found a glowing drain.
  2505 | D:3      | Reached XP level 5. HP: 25/29 MP: 8/15
  2510 | D:3      | Reached skill level 6 in Spellcasting
  2527 | Sewer    | Entered a sewer
  2591 | Sewer    | Noticed Pargi
  2601 | Sewer    | Killed Pargi
  2602 | Sewer    | Reached skill level 1 in Air Magic
  2602 | Sewer    | Reached skill level 1 in Poison Magic
  2755 | D:3      | Found a runed translucent door.
  2755 | D:3      | Noticed dddd's ghost (weakling MiFi)
  2843 | D:3      | Reached XP level 6. HP: 34/34 MP: 17/17
  2983 | D:3      | Found a shimmering blue altar of Sif Muna.
  3414 | D:4      | Identified the +0 leather armour of Courage {Int+3}
  3652 | D:4      | Reached skill level 7 in Spellcasting
  4054 | D:5      | Entered Level 5 of the Dungeon
  4060 | D:5      | Reached skill level 1 in Evocations
  4116 | D:5      | Found a basalt altar of Yredelemnul.
  4267 | D:5      | Reached XP level 7. HP: 19/40 MP: 16/20
  4488 | D:5      | Reached skill level 8 in Spellcasting
  4909 | D:5      | Found a bloodstained altar of Trog.
  4937 | D:5      | Found a staircase to the Ecumenical Temple.
  4946 | Temple   | Entered the Ecumenical Temple
  4968 | Temple   | Became a worshipper of Vehumet
  5127 | D:6      | Reached skill level 9 in Spellcasting
  5185 | D:6      | Found an ornate altar of the Wu Jian Council.
  5230 | D:6      | Learned a level 4 spell: Iskenderun's Mystic Blast
  5242 | D:6      | Reached XP level 8. HP: 44/44 MP: 23/23
  5271 | D:6      | Reached skill level 5 in Conjurations
  5406 | D:6      | Found a white marble altar of Elyvilon.
  5501 | D:6      | Reached skill level 10 in Spellcasting
  5666 | D:6      | Found a hide-covered altar of Uskayaw.
  5745 | D:6      | Reached * piety under Vehumet
  5745 | D:6      | Offered knowledge of Kiss of Death by Vehumet.
  6002 | D:7      | Found a flagged portal.
  6011 | Bailey   | Entered a bailey
  6222 | Bailey   | Reached skill level 11 in Spellcasting
  6237 | Bailey   | Reached XP level 9. HP: 49/49 MP: 20/26
  6410 | Bailey   | Noticed an orc knight
  6435 | Bailey   | Killed an orc knight
  6436 | Bailey   | Reached skill level 12 in Spellcasting
  6584 | D:7      | Reached ** piety under Vehumet
  6799 | D:7      | Offered knowledge of Shock by Vehumet.
  6800 | D:7      | Reached skill level 1 in Shields
  6804 | D:7      | Reached skill level 13 in Spellcasting
  7117 | D:7      | Reached XP level 10. HP: 56/56 MP: 29/29
  7248 | D:7      | Noticed Pikel
  7259 | D:7      | Killed Pikel
  7415 | D:8      | Reached skill level 14 in Spellcasting
  7470 | D:8      | Found a staircase to the Lair.
  7479 | D:8      | Offered knowledge of Stone Arrow by Vehumet.
  7555 | D:8      | Found a glowing silver altar of Zin.
  7555 | D:8      | Found an opulent altar of Gozag.
  7873 | D:8      | Noticed Prince Ribbit
  7877 | D:8      | Killed Prince Ribbit
  7883 | D:8      | Identified the +2 leather armour of the Swan {+Inv rElec
                  | rC+++ Will-}
  7892 | D:8      | Reached *** piety under Vehumet
  7893 | D:8      | Reached skill level 5 in Shields
  7936 | D:8      | Slain by a yak

Illustrated notes

Levels and vault maps discovered:
D:1:      ncdulo_halloftheorcs, layout_loops_corners
D:2:      cheibrodos_old_hovel, layout_rooms, chequers_serial_rivers_small_3,
          minmay_lizard_king
D:3:      layout_basic, nicolae_sif_muna_little_library,
          ebering_ghost_inner_flame, gup_sewer_entry_glass, grunt_ministairs_15,
          serial_bayou_pond_b, minmay_goblin_outpost
D:4:      layout_loops_ring
D:5:      layout_loops_corners, lemuel_coloured_pillars_altar,
          nicolae_overflow_hidden_temple, temple_statues
D:6:      layout_rooms, nzn_wu_jian_contemplation, grunt_temple_overflow_open,
          kennysheep_cross_bottleneck
D:7:      layout_cave_pods, enter_bailey_3, uniq_pikel
D:8:      layout_basic, grunt_temple_overflow_gold_and_silver,
          erik_lair_orcish_takeover, special_room [special_room_orc],
          minmay_fractal_squares_gapless_5, uniq_prince_ribbit1
Temple:   dpeg_chambers_temple

Skill      XL: |  1  2  3  4  5  6  7  8  9 10 |
---------------+-------------------------------+-----
Spellcasting   | 5 6 7 9 11 13 14 | 14.9
Armour         | 1 2 3 |  3.2
Conjurations   | 2 3 4 6 7 8 |  8.7
Fighting       | 1 2 4 |  4.0
Dodging        | 3 |  3.0
Stealth        | 3 |  3.0
Air Magic      | 1 |  1.1
Poison Magic   | 1 |  1.3
Evocations     | 1 |  1.0
Shields        | 2 5 |  5.1
Summonings     | |  1.1
Translocations | |  1.1

Action                     |  1- 3 |  4- 6 |  7- 9 | 10-12 || total
---------------------------+-------+-------+-------+-------++-------
  Melee: Dagger            |    17 |       |       |       ||    17
         Punch             |     1 |       |       |       ||     1
         Sling             |       |       |     1 |       ||     1
   Fire: Sling             |     2 |   114 |   219 |    73 ||   408
   Cast: Magic Dart        |   121 |    14 |    11 |       ||   146
         Call Imp          |     1 |       |       |       ||     1
         Mephitic Cloud    |       |     7 |    26 |    10 ||    43
         Blink             |       |     1 |       |     1 ||     2
         Iskenderun's Myst |       |       |     8 |    21 ||    29
  Evoke: Wand              |       |       |       |     2 ||     2
    Use: Scroll            |       |       |       |     1 ||     1
   Stab: Sleeping          |     1 |       |       |       ||     1
 Armour: Robe              |     3 |     6 |       |       ||     9
         Leather armour    |       |     3 |    14 |     4 ||    21
  Dodge: Dodged            |    12 |    34 |   112 |    30 ||   188

Table legend: (Time is in decaauts)
 A = Elapsed time spent in this place.
 B = Non-inter-level travel time spent in this place.
 C = Inter-level travel time spent in this place.
 D = Time resting spent in this place.
 E = Time spent auto-exploring this place.
 F = Levels seen in this place.
 G = Mean time per level.
                   A        B        C        D        E       F      G
               +--------+--------+--------+--------+--------+-----+--------+
         Total |   8110 |   7927 |    183 |      7 |   6221 |  11 |  737.3 |
       Dungeon |   7373 |   7210 |    163 |      0 |   5856 |   8 |  921.6 |
        Temple |     43 |     23 |     20 |      0 |      0 |   1 |   43.0 |
         Sewer |    162 |    162 |      0 |      0 |    124 |   1 |  162.0 |
        Bailey |    531 |    531 |      0 |      7 |    241 |   1 |  531.0 |
               +--------+--------+--------+--------+--------+-----+--------+

Top non-repeatable levels by time:
     D:1: 1508 daAuts
     D:5: 1048 daAuts
     D:7: 991 daAuts
     D:2: 878 daAuts
     D:6: 852 daAuts
     D:3: 840 daAuts
     D:4: 702 daAuts
     D:8: 552 daAuts
  Bailey: 531 daAuts
   Sewer: 162 daAuts
  Temple: 43 daAuts
